 Dungeon Crawl Stone Soup version 0.15-a0-1646-g393eda0 (console) character file.

110 Mac the Ruffian (level 4, -7/44 HPs)
             Began as a Troll Fighter on June 22, 2014.
             Mangled by Pikel
             ... wielding a +1 whip of electrocution
              (20 damage)
             ... on Level 3 of the Dungeon.
             The game lasted 00:02:00 (340 turns).

Mac the Ruffian (Troll Fighter)                      Turns: 340, Time: 00:02:00

HP  -7/44        AC  5     Str 25      XL: 4   Next: 61%
MP   2/2         EV  8     Int  4      God:
Gold 16          SH  8     Dex  9      Spells:  0 memorised,  3 levels left

rFire  . . .     SeeInvis +       - Unarmed
rCold  . . .     Clarity  .     b - +0 robe
rNeg   . . .     rCorr    .     c - +0 shield
rPois  .         rRot     .     (helmet restricted)
rElec  .         Spirit   .     (no cloak)
SustAb .         Warding  .     (gloves unavailable)
rMut   .         Stasis   .     (boots unavailable)
Gourm  +                        (no amulet)
MR     .....                    (no ring)
                                d - ring of see invisible

@: not resistant to hostile enchantments, very unstealthy
A: unfitting armour, claws 3, fast metabolism 3, gourmand, regeneration 2,
saprovore 2, shaggy fur 1, tough skin 2
a: no special abilities


You were on level 3 of the Dungeon.
You were not hungry.

You visited 1 branch of the dungeon, and saw 4 of its levels.

You collected 16 gold pieces.

Inventory:

Armour
 b - a +0 robe (worn)
 c - a +0 shield (worn)
Comestibles
 a - 2 meat rations
 i - a beef jerky
Scrolls
 f - 3 scrolls of remove curse {unknown}
 g - a scroll of identify {unknown}
Jewellery
 d - a ring of see invisible (left claw)
Potions
 e - a potion of might
 h - a potion of mutation {unknown}
 j - a potion of invisibility {unknown}


   Skills:
 - Level 2.4 Fighting
 - Level 2.4 Dodging
 - Level 2.4 Shields
 + Level 4.9 Unarmed Combat


You had 3 spell levels left.
You didn't know any spells.

Dungeon Overview and Level Annotations

Branches:
Dungeon (4/15)
 Temple: D:4-7

Altars:

Annotations:
D:3 Pikel


Innate Abilities, Weirdness & Mutations

You are too large for most types of armour.
You have claws for hands.
Your metabolism is lightning-fast.
You like to eat raw meat.
You heal very quickly.
You can eat rotten meat.
You are covered in fur (AC +1).
You have very tough skin (AC +2).


Message History

That felt strangely unrewarding.
You see here an animal skin.
There is a stone staircase leading up here.
Pikel the Slaver comes into view.
He is wielding a runed whip.
Pikel shouts!
Pikel says, "You'll fetch a fair price!"
The slave shouts!
A slave comes into view.
The slave shouts!
There is a stone staircase leading up here.
You block Pikel's attack.
You climb upwards.
There is a stone staircase leading down here.
You scratch Pikel but do no damage. Pikel hits you with a runed whip.
You are electrocuted!
You barely miss Pikel.
Pikel hits you with a whip of electrocution.
* * * LOW HITPOINT WARNING * * *
You are electrocuted!
You die...

##.##.# #S....### ########.#
#<..## ##....(...# #.#..#
#.........###.#..###########
#..######.....#.............
#..# #.#%.....###########
#..#### #.#K####.# ####
#.....# #.#@# #.# #...
##.##<# #....# ... #.##
#.##%# #......... #.##
..##.# ##...##... . #.##
#####.# ##.##.....#.# #.##
#.# #.# ## #.# #.## ... ...
....# #.## .#. #.#
..#.####)## . . #.#
..........##


You could see Pikel.

Vanquished Creatures
  2 slaves (D:4)
  A hound (D:3)
  A worker ant (D:3)
  Ijyb (D:3)
  2 adders
  A giant gecko (D:3)
  A bat (D:1)
  A giant cockroach (D:1)
  2 goblins (D:2)
  A hobgoblin (D:3)
  An ooze (D:3)
  2 ball pythons (D:3)
  2 kobolds (D:3)
  A quokka skeleton (D:4)
  3 rats
22 creatures vanquished.

Notes
Turn   | Place    | Note
--------------------------------------------------------------
     0 | D:1      | Mac, the Troll Fighter, began the quest for the Orb.
     0 | D:1      | Reached XP level 1. HP: 22/22 MP: 1/1
   106 | D:2      | Reached XP level 2. HP: 23/29 MP: 1/1
   110 | D:2      | Reached skill level 3 in Unarmed Combat
   148 | D:3      | Reached XP level 3. HP: 22/36 MP: 2/2
   162 | D:3      | Reached skill level 4 in Unarmed Combat
   162 | D:3      | Reached XP level 4. HP: 11/44 MP: 2/2
   182 | D:3      | Noticed Ijyb
   202 | D:3      | Killed Ijyb
   295 | D:4      | Noticed a slave
   298 | D:4      | Noticed a slave
   299 | D:4      | Noticed a slave
   316 | D:4      | Killed a slave
   319 | D:4      | Killed a slave
   327 | D:4      | Noticed Pikel
   333 | D:4      | Noticed a slave
   340 | D:3      | Mangled by Pikel

Action                   |  1- 3 |  4- 6 || total
-------------------------+-------+-------++-------
Melee: Unarmed           |    44 |    39 ||    83
